AoeStats
← HuevoGordo

Golden Pit

509833692Analyzed
1v1 RM · 3d ago on Sep 28, 2026· 24m 25s· 2 players
Game mode
Random Map
Map size
Tiny (2 player)
Population
200
Speed
Normal
Resources
Standard
Victory
Conquest
Starting age
Dark Age
Ending age
Imperial Age
RankedLock teamsTeams togetherTeam positionsShared explorationLock speedFull tech treeHidden civsTurbo modeCheats
Victory
Defeat
🇷🇺 Japanese · Russia
926
+17
🇪🇸 Britons · Spain
955
-17
Banaan9613
9:52 Feudal Age
10:22 Double-Bit Axe
10:27 Gold Mining
16:59 Castle Age
16:22 Stone Mining
18:46 Horse Collar
19:54 Forging
HuevoGordo
11:21 Feudal Age
10:43 Loom
15:42 Castle Age
13:47 Horse Collar
15:49 Double-Bit Axe
16:51 Bow Saw
Connection lost

Rejoining the realm…

Still unreachable

The connection could not be restored.

Session expired

The server has moved on; the page needs a fresh start.